Unix NetHack Version 3.7.0-102 Work-in-progress - last build Apr 6 2024 13:22:21 (d302a6a9ff6341f1a922d8f5af178406b35fdf99,branch:master). Game began 2024-05-01 09:20:41, ended 2024-05-01 14:22:08. farfar, chaotic male elven Ranger .0 . ----.- -. --....| |. |.....| |. --...).|0| |. .).....#%| |0|. ....--.|.| |.#. --....| | -.|.| --.-<.| .|.- |.....| .|... --....| o o o.|.... --- --..*| -.|.-... |... ---...|.| o o|.|....- .--........--|.| ooo| o oooo |.|..|.- ........---- |.| |. oo ooo |o|.-|.. ........| |.| ------------- -------.---------@|.|--- ......| |*|............................[%%*.#)| -.--.-- |.-----------#------------#------%---*| --- |0...................**....[...*.(....| -------------------------------------- Farfar the Trailblazer St:14 Dx:15 Co:15 In:13 Wi:16 Ch:7 Chaotic S:5355 Dlvl:7 $:191 HP:0(45) Pw:40(40) AC:1 Xp:7/1211 T:5886 Latest messages: Rukoghai of Aihaia picks up an iron skull cap. You see here an orc shaman corpse named Arukoghai of Aihaia. You hit Rukoghai of Aihaia! You kill Rukoghai of Aihaia! Uothu of Aihaia picks up an iron skull cap. You hit Uothu of Aihaia! Uothu of Aihaia hits! You hit Uothu of Aihaia. Uothu of Aihaia hits! What do you want to drink? [j-lCDF or ?*] You feel better. Uothu of Aihaia hits! You kill Uothu of Aihaia! There are many objects here. $ - 40 gold pieces (168 in total). u - 3 arrows (4 in total). v - an arrow (2 in total). y - 2 arrows. G - 3 elven arrows. l - 9 poisoned orcish arrows. B - a scroll labeled MAPIRO MAHAMA DIROMAT. You see here an orc shaman corpse named Arukoghai of Aihaia. You see here an orc shaman corpse named Arukoghai of Aihaia. There is a doorway here. There are a few objects here. You see here a hill orc corpse named Othaoth of Aihaia. There are a few objects here. $ - 23 gold pieces (191 in total). d - a +0 elven arrow. You see here a hill orc corpse named Othaoth of Aihaia. You see here an orc shaman corpse named Arukoghai of Aihaia. There are many objects here. You miss the orc-captain. You hit the orc-captain! The orc-captain swings his curved sword. The orc-captain hits! The orc-captain swings his curved sword. The orc-captain just misses! You hit the orc-captain! You hit the orc-captain! The orc-captain swings his curved sword. The orc-captain hits! The orc-captain swings his curved sword. The orc-captain hits again! You die... Do you want your possessions identified? [ynq] (y) Do you want to see your attributes? [ynq] (y) Do you want an account of creatures vanquished? [ynaq] (y) Do you want to see your conduct and achievements? [ynq] (y) Do you want to see the dungeon overview? [ynq] (y) Inventory: Coins $ - 191 gold pieces Weapons y - 2 +0 arrows v - 2 cursed +0 arrows u - 4 cursed -2 arrows G - 3 +2 elven arrows d - a +0 elven arrow l - 9 cursed poisoned -1 orcish arrows b - a +1 elven bow (alternate weapon; not wielded) E - the fireproof +0 Orcrist (weapon in right hand, gleaming light blue) Armor n - an uncursed +0 orcish helm (being worn) m - an uncursed +0 pair of iron shoes q - an uncursed +0 Uruk-hai shield e - an uncursed +2 elven cloak (being worn) R - a blessed +0 elven mithril-coat (being worn) Comestibles K - an uncursed food ration f - 4 uncursed lembas wafers X - 2 uncursed tripe rations W - an uncursed egg Scrolls L - 2 uncursed scrolls of blank paper i - a cursed scroll of confuse monster Y - 2 uncursed scrolls of earth named scroll of earth s - an uncursed scroll of enchant weapon A - an uncursed scroll of fire O - an uncursed scroll of gold detection N - 2 uncursed scrolls of identify T - a cursed scroll of identify M - an uncursed scroll of light P - a cursed scroll of light B - an uncursed scroll of remove curse o - an uncursed scroll of scare monster r - an uncursed scroll of teleportation J - an uncursed scroll of teleportation Potions D - a cursed potion of acid j - a cursed potion of gain energy F - an uncursed potion of oil C - an uncursed potion of sickness k - an uncursed potion of speed Rings U - an uncursed ring of poison resistance (on right hand) Wands Z - a wand of opening (0:5) Tools z - an uncursed lock pick V - an uncursed magic lamp t - an uncursed tin whistle c - an uncursed towel Gems/Stones Q - an uncursed emerald H - an uncursed sapphire w - an uncursed worthless piece of black glass p - 2 uncursed worthless pieces of green glass g - an uncursed worthless piece of orange glass a - an uncursed worthless piece of red glass I - an uncursed worthless piece of white glass x - an uncursed worthless piece of yellowish brown glass Farfar the Ranger's attributes: Background: You were a Trailblazer, a level 7 male elven Ranger. You were chaotic, on a mission for Mars who was opposed by Mercury (lawful) and Venus (neutral). You were right-handed. You were in the Gnomish Mines, on level 7. You entered the dungeon 5886 turns ago. You had 1211 experience points, 69 more were needed to attain level 8. Your score was 5355 before end-of-game adjustments. Basics: You had 0 out of 45 hit points. You had all 40 energy points (spell power). Your armor class was 1. Your wallet contained 191 zorkmids. Autopickup was off. Final Characteristics: Your strength was 14 (limit:18). Your dexterity was 15 (limit:18). Your constitution was 15 (limit:16). Your intelligence was 13 (limit:20). Your wisdom was 16 (limit:20). Your charisma was 7 (limit:18). Final Status: You weren't hungry. You were unencumbered. You were wielding a broadsword. You were unskilled in broadsword. Final Attributes: You were piously aligned. You were sleep resistant. You were poison resistant. You were telepathic. You were aware of the presence of orcs. You had automatic searching. You had infravision. You were stealthy. You were guarded. You are dead. Miscellaneous: You never encountered a bones level. Total elapsed playing time was 1 hour, 20 minutes and 28 seconds. Major events: Turn 1: farfar the chaotic male elven Ranger entered the dungeon 1049: attained the rank of Lookout (level 3) 1679: entered the Gnomish Mines 1749: was bestowed with Orcrist by Mars 2535: entered Sokoban 2818: attained the rank of Trailblazer (level 6) 3269: completed 1st Sokoban level 5474: reached Mine Town 5886: killed by an orc-captain Vanquished creatures: an iron piercer a horse an ape a fire ant an imp 2 Mordor orcs 6 Uruk-hai an orc shaman a rock piercer 2 ponies a fog cloud 2 shriekers 6 gnome leaders a gnomish wizard a kobold mummy a paper golem 3 giant ants 2 little dogs 3 floating eyes 5 dwarves a kobold leader 8 hill orcs 2 rothes a monkey 3 orc zombies a wererat a werejackal 3 iguanas 3 killer bees 6 coyotes 3 hobbits 4 manes a large kobold 3 giant rats a cave spider 3 yellow molds 19 gnomes 3 gnome zombies 2 geckos 8 jackals a fox 7 goblins 4 sewer rats 9 grid bugs 4 lichens a kobold zombie 8 newts 152 creatures vanquished. No species were genocided or became extinct. Voluntary challenges: You read items or engraved 3 times. You never engraved Elbereth. You never genocided any monsters. You never polymorphed an object. You never changed form. You used no wishes. You did not violate any of the special Sokoban rules. Achievements: You attained the rank of Lookout. You entered the Gnomish Mines. You entered Sokoban. You attained the rank of Trailblazer. You entered Minetown. The Dungeons of Doom: levels 1 to 7 Level 1: Some fountains. Level 2: An altar to Mars, a fountain. Level 3: Level 4: Stairs down to The Gnomish Mines. Level 5: Many fountains. Oracle of Delphi. Level 6: A fountain. Stairs up to Sokoban, level 5. Level 7: The Gnomish Mines: levels 5 to 7 Level 5: Level 6: Level 7: <- You were here. Final resting place for you, killed by an orc-captain. Sokoban: levels 5 up to 4 Level 4: Unsolved. Level 5: Solved. Game over: ---------- / \ / REST \ / IN \ / PEACE \ / \ | farfar | | 191 Au | | killed by an | | orc-captain | | | | | | 2024 | *| * * * | * _________)/\\_//(\/(/\)/\//\/|_)_______ Goodbye farfar the Ranger... You died in The Gnomish Mines on dungeon level 7 with 5336 points, and 191 pieces of gold, after 5886 moves. You were level 7 with a maximum of 45 hit points when you died.